 Dungeon Crawl Stone Soup version 0.29.1-2-gbd0b4ee654 (webtiles) character file.

Game seed: 3006064384948156694

504 safid the Shooter (level 6, -4/87 HPs)
             Began as a Minotaur Hunter on Nov 22, 2022.
             Was a Follower of Okawaru.
             Killed from afar by an orc wizard (6 damage)
             ... with a puff of flame
             ... on level 4 of the Dungeon.
             The game lasted 00:06:40 (3519 turns).

safid the Shooter (Minotaur Hunter)                 Turns: 3519, Time: 00:06:41

Health: -4/87      AC:  8    Str: 16    XL:     6   Next: 96%
Magic:  5/5        EV: 10    Int:  6    God:    Okawaru [*.....]
Gold:   128        SH:  0    Dex: 15    Spells: 5/5 levels left

rFire   . . .      SeeInvis .   a - +0 shortbow
rCold   . . .      Faith    .   (shield currently unavailable)
rNeg    . . .      Spirit   .   m - +0 scale mail
rPois   .          Reflect  .   (helmet restricted)
rElec   .          Harm     .   s - +0 cloak
rCorr   +          Rampage  .   i - +0 pair of gloves
Will    .....                   (no boots)
Stlth   ..........              t - amulet of the acrobat
HPRegen 0.24/turn               k - ring of resist corrosion
MPRegen 0.09/turn               (no ring)

@: berserking, very quick
A: horns 2, retaliatory headbutt
a: Renounce Religion, Heroism


You were on level 4 of the Dungeon.
You worshipped Okawaru.
Okawaru was aware of your devotion.
You visited 2 branches of the dungeon, and saw 5 of its levels.

You collected 142 gold pieces.
You spent 14 gold pieces at shops.

Inventory:

Hand Weapons
 a - a +0 shortbow (weapon)
Armour
 i - a +0 pair of gloves (worn)
 m - a +0 scale mail (worn)
 s - a +0 cloak (worn)
Jewellery
 k - a ring of resist corrosion (left hand)
 o - a ring of fire
 t - an amulet of the acrobat (around neck)
Wands
 c - a wand of flame (15)
Scrolls
 e - a scroll of amnesia {unknown}
 f - a scroll of summoning {unknown}
 g - 2 scrolls of noise {unknown}
 h - a scroll of enchant weapon {unknown}
 j - 4 scrolls of identify {unknown}
 l - a scroll of poison {unknown}
 n - a scroll of vulnerability {unknown}
 r - a scroll of enchant armour {unknown}
Potions
 b - 3 potions of flight {unknown}
 d - a potion of mutation {unknown}
 p - a potion of heal wounds {unknown}
 q - 2 potions of berserk rage


   Skills:
 + Level 6.6 Fighting
 + Level 7.2 Ranged Weapons
 - Level 2.1 Dodging
 - Level 0.7 Stealth


You had 5 spell levels left.
You didn't know any spells.
Your spell library contained the following spells:

 Spells                   Type           Power      Damage    Failure   Level
 Beastly Appendage        Tmut           0%         N/A       88%         1
 Magic Dart               Conj           0%         1d3       88%         1
 Sublimation of Blood     Necr           0%         N/A       96%         2
 Wereblood                Tmut           0%         N/A       96%         2
 Mephitic Cloud           Conj/Pois/Air  0%         N/A       99%         3
 Spider Form              Tmut/Pois      0%         N/A       99%         3
 Petrify                  Tmut/Erth      0%         N/A       100%        4
 Irradiate                Conj/Tmut      0%         3d11      100%        5
 Call Imp                 Summ           Unusable   N/A       N/A         2

Dungeon Overview and Level Annotations

Branches:
Dungeon (4/15)             Temple (1/1) D:4

Altars:
Ashenzari
Cheibriados
Dithmenos
Elyvilon
Gozag
Hepliaklqana
Makhleb
Nemelex Xobeh
Okawaru
Qazlal
Ru
Trog
Uskayaw
Vehumet
Wu Jian
Xom
Yredelemnul
The Shining One

Shops:
D:2 !

Annotations:
D:4 2 runed translucent doors


Innate Abilities, Weirdness & Mutations

You have a pair of horns on your head.
You reflexively headbutt those who attack you in melee.


Message History

The orc warrior hits you with a +0 mace.
* * * LOW HITPOINT WARNING * * *
The orc wizard casts a spell.
The orc wizard flickers and vanishes!
Deactivating autopickup; reactivate with Ctrl-A.
The orc priest hits you but does no damage.
The orc warrior closely misses you. You furiously retaliate!
You headbutt the orc warrior.
You kill the orc warrior!
Okawaru is honoured by your kill.
You can now gain great but temporary skills.
Your Ranged Weapons skill increases to level 7!
Fire: a) +0 shortbow
Press: ? - help, Q - select action, (/) - cycle Shift-Dir - straight line, f - orc priest
Aim: an orc priest, wielding a +0 trident (65% to hit)
You shoot an arrow.
The arrow hits the orc priest but does no damage.
The orc priest hits you from afar with a +0 trident.
* * * LOW HITPOINT WARNING * * *
You hear some strange, mumbled words.
A magic dart appears from out of thin air!
The magic dart hits you.
* * * LOW HITPOINT WARNING * * *
The orc priest hits you but does no damage.
It was a potion of berserk rage.
A red film seems to cover your vision as you go berserk!
You feel yourself moving faster!
You feel mighty! Something hits you but does no damage.
The orc priest closely misses you.
You closely miss something.
The orc priest invokes the aid of Beogh against you.
Beogh smites you!
* * * LOW HITPOINT WARNING * * *
Something hits you but does no damage.
You clumsily bash something but do no damage.
The orc priest hits you from afar with a +0 trident.
* * * LOW HITPOINT WARNING * * *
You hear some strange, mumbled words.
A puff of flame appears from out of thin air!
The puff of flame hits you.
You die...

#..............#..............
############...#.##.###..#..##
#...#.##.# #<.##.##
#...#.##.####.#....
#.................#
#...#.##.######.#..
#...#.##.######.###
##....##........# #
#@################ #{#.......
...(... #Ko.....# #######
#K......# ##)......#
#........# ###.#......#
#...#......#
#######.###......#


You could see an orc priest and 2 kobolds.

Vanquished Creatures
  A sky beast (D:4)
  An orc warrior (D:4)
  A scorpion (D:4)
  An oklob sapling (D:4)
  A hound (D:3)
  2 orc wizards (D:3)
  Robin (D:2)
  2 adders (D:2)
  3 gnolls (D:4)
  A worm (D:2)
  3 dart slugs (D:2)
  4 orcs
  4 ball pythons
  3 bats (D:2)
  2 endoplasms (D:1)
  3 giant cockroaches
  8 goblins (D:2)
  11 hobgoblins
  3 jackals (D:3)
  4 quokkas
  4 frilled lizards
  7 kobolds
  5 rats
75 creatures vanquished.

Vanquished Creatures (others)
  2 plants (D:4)
2 creatures vanquished.

Grand Total: 77 creatures vanquished

Notes
Turn   | Place    | Note
-------+----------+-------------------------------------------
     0 | D:1      | safid the Minotaur Hunter began the quest for the Orb.
     0 | D:1      | Reached XP level 1. HP: 18/18 MP: 0/0
   175 | D:1      | Found a faded altar of an unknown god.
   590 | D:1      | Reached XP level 2. HP: 25/25 MP: 1/1
   918 | D:2      | Reached skill level 5 in Ranged Weapons
   918 | D:2      | Reached XP level 3. HP: 31/31 MP: 2/2
  1226 | D:2      | Found Fedghankoe's Distillery.
  1232 | D:2      | Noticed Robin
  1250 | D:2      | Killed Robin
  1257 | D:2      | Reached XP level 4. HP: 11/40 MP: 3/3
  1513 | D:2      | Bought a potion of degeneration for 14 gold pieces
  1520 | D:2      | Found a snail-covered altar of Cheibriados.
  2479 | D:3      | Reached XP level 5. HP: 42/47 MP: 4/4
  2493 | D:3      | Reached skill level 5 in Fighting
  2493 | D:3      | Reached skill level 6 in Ranged Weapons
  2905 | D:4      | Found a staircase to the Ecumenical Temple.
  3151 | Temple   | Entered the Ecumenical Temple
  3213 | Temple   | Became a worshipper of Warmaster Okawaru
  3312 | D:4      | Found a large runed translucent door.
  3313 | D:4      | Found a large runed translucent door.
  3324 | D:4      | Noticed a sky beast
  3339 | D:4      | Killed a sky beast
  3340 | D:4      | Reached XP level 6. HP: 49/57 MP: 5/5
  3492 | D:4      | Noticed an orc warrior
  3515 | D:4      | Killed an orc warrior
  3515 | D:4      | Reached * piety under Okawaru
  3516 | D:4      | Reached skill level 7 in Ranged Weapons
  3518 | D:4      | HP: 3/87 [orc priest/divine providence (8)]
  3519 | D:4      | Killed from afar by an orc wizard

Illustrated notes

Levels and vault maps discovered:
D:1:      scummos_arrival_simple_fountains, layout_loops_ring,
          shapermc_ecumenical_altar_hornbeckon, serial_forest,
          infiniplex_forest_corner_2, infiniplex_forest_lined_4_way,
          infiniplex_forest_straight_5, infiniplex_forest_corner_1,
          infiniplex_forest_lined_room_2, infiniplex_forest_zigzag_1,
          infiniplex_forest_clump_C, infiniplex_forest_lined_room_2
D:2:      layout_loops_ring, serial_shops, nicolae_shop_crystal, basic_altar,
          minmay_diced_spiral, uniq_robin
D:3:      layout_basic
D:4:      minmay_goblin_kobold_castle, layout_basic, jmf_multi_god_temple2,
          minmay_temple_entry_oklob
Temple:   nicolae_temple_two_arcs

Skill      XL: |  1  2  3  4  5  6 |
---------------+-------------------+-----
Fighting       | 3 4 6 |  6.6
Ranged Weapons | 5 6 7 |  7.2
Dodging        | |  2.1
Stealth        | |  0.7

Action                   |  1- 3 |  4- 6 || total
-------------------------+-------+-------++-------
Melee: Shortbow          |       |     2 ||     2
 Fire: Shortbow          |    96 |   134 ||   230
  Use: Potion            |       |     1 ||     1
Armor: Leather armour    |     2 |       ||     2
       Scale mail        |    21 |    56 ||    77
Dodge: Dodged            |    40 |    46 ||    86
